 Dungeon Crawl Stone Soup version 0.27.1-34-g3ba077fa99 (webtiles) character file.

Game seed: 907647575144758024

53 DildoBatman the Conjurer (level 4, 0/30 HPs)
             Began as a Formicid Conjurer on Jan 14, 2022.
             Slain by a worm (7 damage)
             ... on level 2 of the Dungeon.
             The game lasted 00:04:21 (1072 turns).

DildoBatman the Conjurer (Formicid Conjurer)        Turns: 1072, Time: 00:04:22

Health: 0/30       AC:  2    Str: 12    XL:     4   Next: 11%
Magic:  1/7        EV: 12    Int: 17    God:
Gold:   0          SH:  0    Dex: 10    Spells: 4/7 levels left

rFire    . . .     SeeInvis +   j - +0 short sword
rCold    . . .     Faith    .   (no shield)
rNeg     . . .     Spirit   .   a - +0 robe
rPois    .         Reflect  .   (helmet unavailable)
rElec    .         Harm     .   (no cloak)
rCorr    .         Rampage  .   (no gloves)
Will     .....                  (no boots)
Stlth    ++........             (no amulet)
HPRegen  0.10/turn              (no ring)
MPRegen  0.10/turn              (no ring)

@: no status effects
A: permanent stasis, dig shafts and tunnels, antennae 3, four strong arms
a: Dig, Shaft Self


You were on level 2 of the Dungeon.
You visited 1 branch of the dungeon, and saw 2 of its levels.

Inventory:

Hand Weapons
 j - a +0 short sword (weapon)
 l - a +0 spear
Missiles
 e - 23 bolts
 f - 22 sling bullets
 g - 47 arrows
 h - 45 stones
Armour
 a - a +0 robe (worn)
 k - a +0 kite shield
Scrolls
 b - 2 scrolls of identify {unknown}
 d - a scroll of fear {unknown}


   Skills:
 - Level 1.7 Dodging
 - Level 2.4 Stealth
 - Level 2.1 Spellcasting
 * Level 4.9 Conjurations


You had 4 spell levels left.
You knew the following spells:

 Your Spells              Type           Power      Damage    Failure   Level
a - Searing Ray           Conj           36%        3d4       3%          2
c - Magic Dart            Conj           72%        1d6       2%          1

Your spell library contained the following spells:

 Spells                   Type           Power      Damage    Failure   Level
 Dazzling Flash           Conj/Hex       20%        N/A       21%         3
 Fulminant Prism          Conj/Hex       5%         3d7       56%         4
 Iskenderun's Mystic Bla  Conj/Tloc      10%        2d4       56%         4


Dungeon Overview and Level Annotations

Branches:
Dungeon (2/15)

Altars:
Ru


Innate Abilities, Weirdness & Mutations

You cannot be hasted, slowed, berserked, paralysed or teleported.
You can dig through walls and to a lower floor.
You have a pair of large antennae on your head. (SInv)
Your four strong arms can wield two-handed weapons with a shield.


Message History

You have reached level 4!
You feel stronger.
You retract your mandibles.
The worm closely misses you.
A quokka comes into view.
The worm bites you. What are your orders? t - Shout!
Orders for allies: a - Attack new target. r - Retreat! s - Stop attacking. g - Guard the area. f - Follow me.
Anything else - Cancel.
You shout for attention!
The worm misses you. What are your orders? t - Shout!
Orders for allies: a - Attack new target. r - Retreat! s - Stop attacking. g - Guard the area. f - Follow me.
Anything else - Cancel.
You shout for attention!
The worm bites you! What are your orders? t - Shout!
Orders for allies: a - Attack new target. r - Retreat! s - Stop attacking. g - Guard the area. f - Follow me.
Anything else - Cancel.
You shout for attention!
The worm bites you. What are your orders? t - Shout!
Orders for allies: a - Attack new target. r - Retreat! s - Stop attacking. g - Guard the area. f - Follow me.
Anything else - Cancel.
You shout for attention!
The worm closely misses you. The worm bites you!
You die...

### #.## ##########.##
#.........#.# ..
#.........#.# ....
#.......w.#.##....
#......@w..........
.$.....<......>.....
......?r...............
####....................
..................[...
###................. .
##..........?..... #
#...............####
#.#.....#...........


You could see 2 worms and a quokka.

Vanquished Creatures
  2 adders (D:2)
  A dart slug (D:1)
  4 endoplasms (D:1)
  3 goblins (D:1)
  4 hobgoblins (D:1)
  4 jackals (D:1)
  2 kobolds (D:1)
  5 ball pythons
  A bat (D:1)
  2 frilled lizards
  3 rats (D:1)
31 creatures vanquished.

Notes
Turn   | Place    | Note
-------+----------+-------------------------------------------
     0 | D:1      | DildoBatman the Formicid Conjurer began the quest for the
                  | Orb.
     0 | D:1      | Reached XP level 1. HP: 13/13 MP: 3/3
   101 | D:1      | Found a faded altar of an unknown god.
   134 | D:1      | Became a worshipper of Ru the Awakened
   136 | D:1      | Fell from the grace of Ru
   300 | D:1      | Reached XP level 2. HP: 19/19 MP: 0/5
   303 | D:1      | Learned a level 2 spell: Searing Ray
   338 | D:1      | Reached skill level 4 in Conjurations
   597 | D:1      | Reached XP level 3. HP: 23/24 MP: 6/6
  1006 | D:1      | You fall into a shaft and drop 1 floor!
  1064 | D:2      | Reached XP level 4. HP: 24/30 MP: 0/7
  1072 | D:2      | Slain by a worm

Illustrated notes

Levels and vault maps discovered:
D:1:      noname_arrival_rooms_in_the_neighbourhood, layout_basic,
          dreamdust_ecumenical_altar_statues
D:2:      layout_rooms

Skill      XL: |  1  2 |
---------------+-------+-----
Conjurations   | 4 |  4.9
Dodging        | |  1.7
Stealth        | |  2.4
Spellcasting   | |  2.1

Action                   |  1- 3 |  4- 6 || total
-------------------------+-------+-------++-------
Melee: Club              |     7 |       ||     7
       Short sword       |     9 |       ||     9
 Cast: Magic Dart        |    16 |       ||    16
       Searing Ray       |    11 |       ||    11
Invok: Renounce Religion |     1 |       ||     1
 Abil: Dig               |     4 |       ||     4
       Shaft Self        |     1 |       ||     1
  Use: Potion            |     2 |       ||     2
 Stab: Sleeping          |     1 |       ||     1
Armor: Robe              |     7 |       ||     7
Dodge: Dodged            |    40 |     3 ||    43
